 Dungeon Crawl Stone Soup version 0.27-a0-40-g5f2be0e231 (webtiles) character file.

Game seed: 11113463721280078676

230 muata the Skirmisher (level 5, -5/72 HPs)
             Began as a Minotaur Berserker on Jan 5, 2021.
             Was a Priest of Trog.
             Killed from afar by Natasha (9 damage)
             ... with a magic dart
             ... on level 3 of the Dungeon.
             The game lasted 00:06:45 (3402 turns).

muata the Skirmisher (Minotaur Berserker)           Turns: 3402, Time: 00:06:46

Health: -5/72      AC:  0    Str: 22    XL:     5   Next: 72%
Magic:  4/4        EV: 20    Int:  4    God:    Trog [***...]
Gold:   157        SH:  0    Dex: 15    Spells: 4/4 levels left

rFire    . . .     SeeInvis .   (weapon currently unavailable)
rCold    . . .     Faith    .   (shield currently unavailable)
rNeg     . . .     Spirit   .   (armour currently unavailable)
rPois    .         Reflect  .   (helmet currently unavailable)
rElec    .         Harm     .   (cloak currently unavailable)
rCorr    .         Rampage  .   (gloves currently unavailable)
Will     .....                  (boots currently unavailable)
Stlth    ..........             (no amulet)
HPRegen  0.22/turn              (ring currently unavailable)
MPRegen  0.09/turn              (ring currently unavailable)

@: berserking, bat-form, flying, very quick
A: tiny, (retaliatory headbutt)
a: Stop Flying, Renounce Religion, Berserk, Trog's Hand


You were on level 3 of the Dungeon.
You worshipped Trog.
Trog was most pleased with you.
You were in bat-form.
You visited 1 branch of the dungeon, and saw 3 of its levels.

You collected 157 gold pieces.

Inventory:

Hand Weapons
 i - a +0 halberd
 m - a +1 whip of electrocution
 s - a +2 dagger of venom (melded)
 u - a +3 spear
Missiles
 a - 4 curare-tipped darts
 g - 70 stones (quivered)
 n - 2 throwing nets
Armour
 b - a +0 animal skin
 f - a +0 leather armour (melded)
Scrolls
 c - 4 scrolls of enchant armour {unknown}
 d - 2 scrolls of teleportation {unknown}
 e - 2 scrolls of remove curse {unknown}
 h - 5 scrolls of identify {unknown}
 k - 2 scrolls of fog {unknown}
 o - a scroll of amnesia {unknown}
 t - a scroll of immolation {unknown}
Potions
 j - a potion of mutation {unknown}
 l - 2 potions of attraction {unknown}
 p - a potion of might {unknown}
 q - 2 potions of haste {unknown}
 r - 2 potions of degeneration {unknown}


   Skills:
 + Level 5.3 Fighting
 - Level 4.2(4.8) Axes
 + Level 3.2(4.2) Polearms
 + Level 4.3 Armour
 - Level 2.4 Dodging


You had 4 spell levels left.
You didn't know any spells.
Your spell library was empty.

Dungeon Overview and Level Annotations

Branches:
Dungeon (3/15)

Altars:
Gozag
Hepliaklqana
Trog

Annotations:
D:3 Natasha


Innate Abilities, Weirdness & Mutations

((You reflexively headbutt those who attack you in melee.))
((You have a pair of horns on your head.))


Message History

* * * LOW HITPOINT WARNING * * *
You barely miss Natasha.
Natasha is severely wounded.
Natasha zaps a wand.
You hit Natasha.
Natasha is severely wounded.
A red film seems to cover your vision as you go berserk!
You feel yourself moving faster!
You feel mighty!
Natasha stares at you and mumbles some strange words.
The magic dart hits you!
* * * LOW HITPOINT WARNING * * *
You barely miss Natasha.
Natasha is severely wounded.
Natasha zaps a wand.
You resist with some effort.
The now-empty wand crumbles to dust.
You hit Natasha.
Natasha is almost dead.
Natasha casts a spell at you. The magic dart hits you!
You die...

#....#)###..○○§.$.$.§
#######.#.......§§b...b.
............>.#####...#
..............# #○§.#
...####.####### #§○○#
#.####### #§○§#
#.......#####...##
#h...............#
#b...............#
#........)........
##########................#
#........'.................
#.#....###...............#.
#######.#....#
#######.........#.
.g......##'#.# #.........#.
##########.#.# #....######.
##'#.## ###### ##


You could see Natasha.

Vanquished Creatures
  An orc priest (D:3)
  Natasha (twice) (D:3)
  2 gnolls
  3 adders (D:2)
  3 oozes
  2 worms (D:2)
  A dart slug (D:2)
  3 leopard geckos (D:3)
  5 orcs (D:3)
  A ball python (D:3)
  5 giant cockroaches
  8 goblins
  8 hobgoblins
  3 jackals (D:1)
  A quokka (D:3)
  8 bats
  7 frilled lizards
  5 kobolds
  12 rats
80 creatures vanquished.

Vanquished Creatures (others)
  A goblin (D:3)
1 creature vanquished.

Grand Total: 81 creatures vanquished

Notes
Turn   | Place    | Note
-------+----------+-------------------------------------------
     0 | D:1      | muata the Minotaur Berserker began the quest for the Orb.
     0 | D:1      | Reached XP level 1. HP: 19/19 MP: 0/0
   236 | D:1      | Reached skill level 4 in Fighting
   236 | D:1      | Reached XP level 2. HP: 14/27 MP: 1/1
   670 | D:1      | Reached XP level 3. HP: 33/33 MP: 2/2
   985 | D:2      | Found a hazy altar of Hepliaklqana.
  1001 | D:2      | Reached skill level 1 in Polearms
  1045 | D:2      | Found a bloodstained altar of Trog.
  1183 | D:2      | Reached ** piety under Trog
  1437 | D:2      | Reached XP level 4. HP: 41/41 MP: 3/3
  2589 | D:3      | Noticed Natasha
  2597 | D:3      | Killed Natasha
  2598 | D:3      | Reached skill level 5 in Fighting
  2598 | D:3      | Reached XP level 5. HP: 23/48 MP: 4/4
  2878 | D:3      | Noticed Natasha
  2888 | D:3      | Killed Natasha
  3095 | D:3      | Found an opulent altar of Gozag.
  3120 | D:3      | Reached *** piety under Trog
  3377 | D:3      | Noticed Natasha
  3402 | D:3      | Killed from afar by Natasha

Illustrated notes

Levels and vault maps discovered:
D:1:      amcnicky_arrival_feature_with_door, layout_loops_ring, nrook_campfire,
          amcnicky_mini_pool_small
D:2:      minmay_diamond_boxcup, layout_loops_corners,
          nzn_hepliaklqana_mist_gate, trog_three_pillars_becter
D:3:      layout_basic, nicolae_gozag_cash_rules_everything_around_me,
          minmay_crystal_room, lemuel_flame_loot_1, uniq_natasha

Skill      XL: |  1  2  3  4  5 |
---------------+----------------+-----
Fighting       | 4 5 |  5.3
Axes           | 4 |  4.2
Polearms       | 1 2 3 |  3.2
Armour         | 3 4 |  4.3
Dodging        | |  2.4

Action                   |  1- 3 |  4- 6 || total
-------------------------+-------+-------++-------
Melee: Hand axe          |    12 |       ||    12
       Headbutt          |     9 |    15 ||    24
       Halberd           |    35 |       ||    35
       Whip              |    15 |    23 ||    38
       Dagger            |       |    57 ||    57
       Unarmed           |       |    21 ||    21
Throw: Stone             |     1 |       ||     1
Invok: Berserk           |     1 |     2 ||     3
Armor: Animal skin       |     9 |       ||     9
       Leather armour    |     4 |    12 ||    16
Dodge: Dodged            |    44 |    64 ||   108

Table legend: (Time is in decaauts)
 A = Elapsed time spent in this place.
 B = Non-inter-level travel time spent in this place.
 C = Inter-level travel time spent in this place.
 D = Time resting spent in this place.
 E = Time spent auto-exploring this place.
 F = Levels seen in this place.
 G = Mean time per level.
                   A        B        C        D        E       F      G
               +--------+--------+--------+--------+--------+-----+--------+
         Total |   3437 |   3251 |    186 |    674 |   2010 |   3 | 1145.7 |
       Dungeon |   3437 |   3251 |    186 |    674 |   2010 |   3 | 1145.7 |
               +--------+--------+--------+--------+--------+-----+--------+

Top non-repeatable levels by time:
     D:3: 1511 daAuts
     D:1: 986 daAuts
     D:2: 940 daAuts
